 Dungeon Crawl Stone Soup version 0.30-a0-364-gf6b3ef1049 (webtiles) character file.

Game seed: 15666664301506280460

274 ytrimaz the Covered (level 6, -8/47 HPs)
             Began as a Formicid Fighter on Nov 15, 2022.
             Mangled by SleepySteel's ghost (10 damage)
             ... on level 3 of the Dungeon.
             The game lasted 00:02:28 (2317 turns).

ytrimaz the Covered (Formicid Fighter)              Turns: 2317, Time: 00:02:28

Health: -8/47      AC:  9    Str: 23    XL:     6   Next: 49%
Magic:  6/6        EV:  9    Int:  7    God:
Gold:   171        SH:  5    Dex: 13    Spells: 5/5 levels left

rFire   . . .      SeeInvis +    a - +1 war axe (flame)
rCold   . . .      Faith    .    c - +0 buckler
rNeg    + . .      Spirit   .    b - +0 scale mail
rPois   .          Reflect  .    (helmet unavailable)
rElec   .          Harm     .    (no cloak)
rCorr   .          Rampage  .    (no gloves)
Will    .....                    e - +1 pair of boots
Stlth   ..........               (no amulet)
HPRegen 0.27/turn                i - ring of positive energy
MPRegen 0.10/turn                (no ring)

@: mighty
A: permanent stasis, dig shafts and tunnels, antennae 3, four strong arms
a: Dig, Shaft Self


You were on level 3 of the Dungeon.
You visited 1 branch of the dungeon, and saw 3 of its levels.

You collected 171 gold pieces.


Innate Abilities, Weirdness & Mutations

You cannot be hasted, slowed, berserked, paralysed or teleported.
You can dig through walls and to a lower floor.
You have a pair of large antennae on your head. (SInv)
Your four strong arms can wield two-handed weapons with a shield.


   Skills:
 - Level 3.2 Fighting
 + Level 4.6 Axes
 + Level 5.7 Armour
 - Level 4.0 Shields


You had 5 spell levels left.
You didn't know any spells.
Your spell library was empty.

Inventory:

Hand Weapons
 a - a +1 war axe of flaming (weapon)
Armour
 b - a +0 scale mail (worn)
 c - a +0 buckler (worn)
 e - a +1 pair of boots (worn)
   (You found it on level 1 of the Dungeon)
Jewellery
 i - a ring of positive energy (left hand)
   (You found it on level 2 of the Dungeon)
Wands
 g - a wand of roots (9)
   (You found it on level 2 of the Dungeon)
Scrolls
 j - a scroll of enchant armour
 k - a scroll of enchant weapon
 l - a scroll of identify
Potions
 d - 2 potions of might
 f - a potion of mutation
 h - 2 potions of curing {unknown}

Dungeon Overview and Level Annotations

Branches:
Dungeon (3/15) Zot: 15628

Altars:

Annotations:
D:3 SleepySteel's ghost, amateur MeFi

####.#####....##.#.#####
#.##..
...#.##.....#.##.#.#
#.##..
.#.#.##.#####.##.#.#
#.##..
..........######.#.#
#.###.
####.##.###($8!#.#.# #.#
#. .....##.##8....#...#
#.# #.
..#####.#[.....#...# #.#
#. ........#......'...#
#.###.
..#######⌠.....'@..###
#.....
...<....#......W.....#
#########.
#########?.....#..##.#
#......... ......#
#8....#..##.# ##########
#####.# ##??8.#####.#
#...#.# #####
#.########### #.#.#.#
#.#.........# ..#.#.#
#.#.#######.# #.#†#.#
#...# #.#


You could see SleepySteel's ghost.


Message History

You swap places.
There is an escape hatch in the floor here.
You see here a +0 war axe.
Key pressed, stopping explore.
You open the door.
There is an open door here.
l - a scroll of identify
There is an open door here.
Key pressed, stopping explore.
A rat comes into view.
A rat is nearby!
A rat is nearby!
The rat bites you but does no damage.
You hit the rat. You burn the rat.
You kill the rat!
No target in view!
No target in view!
You see here a rat corpse.
You sense a monster nearby.
An endoplasm comes into view.
An endoplasm is nearby!
An endoplasm is nearby!
The endoplasm misses you.
You slash the endoplasm! You burn the endoplasm.
You kill the endoplasm!
No target in view!
No target in view!
No target in view!
You see here a +0 robe.
You see here a +0 robe.
Found a stone staircase leading down.
There is a stone staircase leading down here.
Key pressed, stopping explore.
You sense a monster nearby.
Key pressed, stopping explore.
You see here 6 stones.
There is an open door here.
There is an open door here.
Darkkill's ghost turns its malevolent gaze towards you.
Pigah's ghost turns its malevolent gaze towards you.
Jlumianski's ghost turns its malevolent gaze towards you.
You feel very mighty all of a sudden.
You open the gate.
Unknown command.
You hit Darkkill's ghost. You burn Darkkill's ghost. You slash pigah's ghost!
You burn pigah's ghost.
You destroy pigah's ghost!
You slash SleepySteel's ghost! You burn SleepySteel's ghost.
Darkkill's ghost barely misses you. SleepySteel's ghost hits you. 😕 HP[-2]
You take 2 damage, and now have 45/47 hp.
You slash Darkkill's ghost! You burn Darkkill's ghost.
You slash jlumianski's ghost! You burn jlumianski's ghost.
You slash SleepySteel's ghost! You burn SleepySteel's ghost.
Darkkill's ghost shouts, "You will never get the ORB!"
Darkkill's ghost barely misses you. Jlumianski's ghost hits you.
You block SleepySteel's ghost's attack. You block Darkkill's ghost's attack.
Jlumianski's ghost hits you. SleepySteel's ghost hits you. 😮 HP[-11]
You take 11 damage, and now have 34/47 hp.
MASSIVE DAMAGE!! (PAUSE)
You barely miss Darkkill's ghost. You slash jlumianski's ghost!
You burn jlumianski's ghost. You closely miss SleepySteel's ghost.
Darkkill's ghost hits you. Jlumianski's ghost hits you.
SleepySteel's ghost barely misses you. 😮 HP[-8]
You take 8 damage, and now have 26/47 hp.
You barely miss Darkkill's ghost. You closely miss jlumianski's ghost.
You slash SleepySteel's ghost! You burn SleepySteel's ghost.
Darkkill's ghost screams, "You must not succeed where I failed!"
Darkkill's ghost hits you but does no damage.
Jlumianski's ghost hits you but does no damage.
SleepySteel's ghost hits you!
* * * LOW HITPOINT WARNING * * *
😨 HP[-7]
You take 7 damage, and now have 19/47 hp.
Unknown command.
You slash Darkkill's ghost! You burn Darkkill's ghost.
You destroy Darkkill's ghost!
You hit jlumianski's ghost. You burn jlumianski's ghost.
You barely miss SleepySteel's ghost. Jlumianski's ghost barely misses you.
You block SleepySteel's ghost's attack. 😨 HP[+1] Unknown command.
You closely miss SleepySteel's ghost. You slash jlumianski's ghost!
You burn jlumianski's ghost.
You destroy jlumianski's ghost!
SleepySteel's ghost hits you!
* * * LOW HITPOINT WARNING * * *
SleepySteel's ghost hits you!
* * * LOW HITPOINT WARNING * * *
😱 HP[-19]
You take 19 damage, and now have 1/47 hp.
MASSIVE DAMAGE!! (PAUSE)
You barely miss SleepySteel's ghost.
SleepySteel's ghost hits you but does no damage.
Unknown command.
Okay, then.
You barely miss SleepySteel's ghost. SleepySteel's ghost hits you!
You die...

Skill      XL: |  1  2  3  4  5 |
---------------+----------------+-----
Armour         | 4 5 |  5.7
Axes           | 3 4 |  4.6
Fighting       | |  3.2
Shields        | |  4.0

Action                   |  1- 3 |  4- 6 || total
-------------------------+-------+-------++-------
Melee: War axe           |    64 |    82 ||   146
  Use: Scroll            |     1 |     5 ||     6
       Potion            |       |     1 ||     1
Armor: Scale mail        |    41 |    34 ||    75
Dodge: Dodged            |    35 |    42 ||    77
Block: Buckler           |    17 |    24 ||    41

Levels and vault maps discovered:
D:1:      dpeg_arrival_short_road, layout_basic,
          shapermc_ecumenical_altar_starsandcircs
D:2:      layout_basic, uniq_terence
D:3:      layout_basic, gammafunk_ghost_cemetery, uniq_jessica

Notes
Turn   | Place    | Note
-------+----------+-------------------------------------------
     0 | D:1      | ytrimaz the Formicid Fighter began the quest for the Orb.
     0 | D:1      | Reached XP level 1. HP: 18/18 MP: 1/1
     0 | D:1      | magus.rc [v1.9.6]
    82 | D:1      | Reached XP level 2. HP: 19/24 MP: 2/2
   123 | D:1      | Found a faded altar of an unknown god.
   254 | D:1      | Reached XP level 3. HP: 29/29 MP: 3/3
   440 | D:1      | Reached skill level 4 in Armour
   715 | D:2      | Reached skill level 3 in Axes
   875 | D:2      | Reached XP level 4. HP: 35/35 MP: 4/4
  1118 | D:2      | Noticed Terence
  1129 | D:2      | Killed Terence
  1130 | D:2      | Reached XP level 5. HP: 28/41 MP: 5/5
  1516 | D:3      | Noticed Jessica
  1528 | D:3      | Reached skill level 4 in Axes
  1528 | D:3      | Reached skill level 5 in Armour
  1529 | D:3      | Killed Jessica
  1530 | D:3      | Reached XP level 6. HP: 46/47 MP: 6/6
  1632 | D:3      | Found a runed translucent gate.
  1633 | D:3      | Found a runed translucent gate.
  1633 | D:3      | Found a runed translucent gate.
  1634 | D:3      | Noticed Darkkill's ghost (weakling MiHu)
  1634 | D:3      | Noticed pigah's ghost (weakling OpWn)
  1634 | D:3      | Noticed jlumianski's ghost (weakling DsFi)
  1634 | D:3      | Noticed SleepySteel's ghost (amateur MeFi)
  2310 | D:3      | Killed pigah's ghost
  2314 | D:3      | Killed Darkkill's ghost
  2315 | D:3      | Killed jlumianski's ghost
  2315 | D:3      | HP: 9/47 [SleepySteel's ghost (11)]
  2315 | D:3      | HP: 1/47 [SleepySteel's ghost (8)]
  2317 | D:3      | Mangled by SleepySteel's ghost

Vanquished Creatures
  A scorpion (D:3)
  The ghost of Darkkill the Shooter, a weakling MiHu (D:3)
  Jessica (D:3)
  Terence (D:2)
  The ghost of jlumianski the Trooper, a weakling DsFi (D:3)
  The ghost of pigah the Ducker, a weakling OpWn (D:3)
  3 adders (D:2)
  A worm (D:2)
  2 dart slugs
  An orc (D:3)
  7 ball pythons
  4 bats
  7 endoplasms
  5 giant cockroaches
  2 goblins (D:1)
  8 hobgoblins
  3 jackals (D:2)
  A kobold (D:1)
  A quokka (D:1)
  2 frilled lizards (D:1)
  5 rats
58 creatures vanquished.

Vanquished Creatures (others)
  2 withered plants (D:3)
2 creatures vanquished.

Grand Total: 60 creatures vanquished

Table legend:
 A = Non-vault XP
 B = Vault XP
 C = Vault XP percentage of total XP
 D = Non-vault monster count
 E = Vault monster count
 F = Vault count percentage of total count
                 A         B        C        D         E       F
            +---------+---------+-------+---------+---------+-------
      Total |     213 |     179 |  45.7 |      53 |       5 |   8.6
            +---------+---------+-------+---------+---------+-------
        D:1 |      41 |       0 |   0.0 |      23 |       0 |   0.0
        D:2 |      70 |      36 |  34.0 |      18 |       1 |   5.3
        D:3 |     102 |     143 |  58.4 |      12 |       4 |  25.0
            +---------+---------+-------+---------+---------+-------

Illustrated notes

Table legend:
 A = Kills in this place as a percentage of kills in entire the game.
 B = Kills by you in this place as a percentage of kills by you in the entire game.
 C = Kills by friends in this place as a percentage of kills by friends in the entire game.
 D = Other kills in this place as a percentage of other kills in the entire game.
 E = Experience gained in this place as a percentage of experience gained in the entire game.
 F = Experience gained in this place divided by the number of levels of this place that you have seen.
                   A       B       C       D       E      F
               +-------+-------+-------+-------+-------+----------------------
         Total | 100.0 | 100.0 |   N/A |   N/A | 100.0 | 130.7
       Dungeon | 100.0 | 100.0 |   N/A |   N/A | 100.0 | 130.7
               +-------+-------+-------+-------+-------+----------------------

Table legend: (Time is in decaauts)
 A = Elapsed time spent in this place.
 B = Non-inter-level travel time spent in this place.
 C = Inter-level travel time spent in this place.
 D = Time resting spent in this place.
 E = Time spent auto-exploring this place.
 F = Levels seen in this place.
 G = Mean time per level.
                   A        B        C        D        E       F      G
               +--------+--------+--------+--------+--------+-----+--------+
         Total |   2370 |   2347 |     23 |      0 |   1911 |   3 |  790.0 |
       Dungeon |   2370 |   2347 |     23 |      0 |   1911 |   3 |  790.0 |
               +--------+--------+--------+--------+--------+-----+--------+

Top non-repeatable levels by time:
     D:3: 1018 daAuts
     D:1: 701 daAuts
     D:2: 651 daAuts
